Workbook

Sheet Custo Transporte
A1: Custo Transporte de Resíduos Sólidos
A2: Planilha de Composição de Custos
A4: Orçamento Sintético
A5: Descrição do Item | E5: Custo (R$/mês) | F5: %
A6: =A35 -> 1. Mão-de-obra | E6: =+F85 -> 23751.053 | F6: =IFERROR(E6/$E$20,0) -> 0.16259696
A7: =A25 -> 1.1 Motorista Turno Dia | E7: =F49 -> 13896.999 | F7: =IFERROR(E7/$E$20,0) -> 0.095137246
A8: =A51 -> 1.2. Motorista Turno Noite | E8: =F70 -> 7180.1345 | F8: =IFERROR(E8/$E$20,0) -> 0.04915437
A9: =A72 -> 1.3. Vale Transporte | E9: =F77 -> 202.62 | F9: =IFERROR(E9/$E$20,0) -> 0.0013871131
A10: =A79 -> 1.4. Vale-refeição (diário) | E10: =F83 -> 2471.3 | F10: =IFERROR(E10/$E$20,0) -> 0.016918234
A11: =A87 -> 2. Uniformes e Equipamentos de Proteção Individual | E11: =+F103 -> 491.875 | F11: =IFERROR(E11/$E$20,0) -> 0.0033673193
A12: =A105 -> 3. Veículos e Equipamentos | E12: =F184 -> 121830.24 | F12: =IFERROR(E12/$E$20,0) -> 0.83403572
A13: =A107 -> 3.1. Veículo Caminhão Trucado 6x2 + Equipamento Roll On Roll Off | E13: =SUM(E14:E19) -> 121830.24 | F13: =IFERROR(E13/$E$20,0) -> 0.83403572
A14: =A109 -> 3.1.1. Depreciação | E14: =F123 -> 21611.264 | F14: =IFERROR(E14/$E$20,0) -> 0.14794821
A15: =A125 -> 3.1.2. Remuneração do Capital | E15: =F139 -> 22249.51 | F15: =IFERROR(E15/$E$20,0) -> 0.15231757
A16: =A141 -> 3.1.3. Impostos e Seguros | E16: =F147 -> 2561.4417 | F16: =IFERROR(E16/$E$20,0) -> 0.017535333
A17: =A149 -> 3.1.4. Consumos | E17: =F167 -> 48791.914 | F17: =IFERROR(E17/$E$20,0) -> 0.33402379
A18: =A170 -> 3.1.5. Pneus | E18: =F177 -> 14447.641 | F18: =IFERROR(E18/$E$20,0) -> 0.098906881
A19: =A179 -> 3.1.6. Manutenção | E19: =F182 -> 12168.468 | F19: =IFERROR(E19/$E$20,0) -> 0.083303924
A20: PREÇO TOTAL MENSAL COM A COLETA | E20: =E6+E11+E12 -> 146073.17 | F20: =F6+F11+F12 -> 1
A23: Quantitativos
A24: Mão-de-obra | E24: Quantidade
A25: 1.1 Motorista Turno Dia | E25: 2
A26: 1.2. Motorista Turno da Noite | E26: 1
A27: Total de mão-de-obra (postos de trabalho) | E27: =E25+E26 -> 3
A29: Veículos e Equipamentos | E29: Quantidade
A30: =+A107 -> 3.1. Veículo Caminhão Trucado 6x2 + Equipamento Roll On Roll Off | E30: 2
A33: Fator de utilização (FU) | B33: 1
A35: 1. Mão-de-obra
A36: 1.1 Motorista Turno Dia
A37: Discriminação | B37: Unidade | C37: Quantidade | D37: Custo unitário | E37: Subtotal | F37: Total (R$)
A38: Piso da categoria (2) | B38: mês | C38: 1 | D38: 3121 | E38: =C38*D38 -> 3121
A39: Salário mínimo nacional (1) | B39: mês | C39: 1 | D39: 1621
A40: Horas Extras (100%) | B40: hora | C40: 7.33 | D40: =D38/220*2 -> 28.372727 | E40: =C40*D40 -> 207.97209
A41: Horas Extras (50%) | B41: hora | D41: =D38/220*1.5 -> 21.279545 | E41: =C41*D41 -> 0
A42: Descanso Semanal Remunerado (DSR) - hora extra | B42: R$ | D42: =63/302*(SUM(E40:E41)) -> 43.384906 | E42: =D42 -> 43.384906
A43: Base de cálculo da Insalubridade | C43: 1
A44: Adicional de Insalubridade | B44: % | C44: 40 | D44: =IF(C43=2,SUM(E38:E42),IF(C43=1,(SUM(E38:E42))*D39/D38,0)) -> 1751.551 | E44: =C44*D44/100 -> 700.6204
A45: Soma | E45: =SUM(E38:E44) -> 4072.9774
A46: Encargos Sociais | B46: % | C46: 70.6 | D46: =E45 -> 4072.9774 | E46: =D46*C46/100 -> 2875.522
A47: Total por Motorista | E47: =E45+E46 -> 6948.4994
A48: Total do Efetivo | B48: homem | C48: 2 | D48: =E47 -> 6948.4994 | E48: =C48*D48 -> 13896.999
D49: Fator de utilização | E49: 1 | F49: =E48*E49 -> 13896.999
A51: 1.2. Motorista Turno Noite
A52: Discriminação | B52: Unidade | C52: Quantidade | D52: Custo unitário | E52: Subtotal | F52: Total (R$)
A53: Piso da categoria (2) | B53: mês | C53: 1 | D53: =D38 -> 3121 | E53: =C53*D53 -> 3121
A54: Salário mínimo nacional (1) | B54: mês | C54: 1 | D54: 1621
A55: Adicional Noturno | B55: horas trabalhadas | C55: 34.67
B56: hora contabilizada | C56: =C55*8/7 -> 39.622857 | D56: =D53/220*0.2 -> 2.8372727 | E56: =C56*D56 -> 112.42085
A57: Horas Extras (100%) | B57: hora | C57: 7.33 | D57: =D53/220*2 -> 28.372727 | E57: =C57*D57 -> 207.97209
A58: Horas Extras Noturnas (100%) | B58: horas trabalhadas
B59: hora contabilizada | C59: =C58*8/7 -> 0 | D59: =D53/220*2*1.2 -> 34.047273 | E59: =C59*D59 -> 0
A60: Horas Extras (50%) | B60: hora | D60: =D53/220*1.5 -> 21.279545 | E60: =C60*D60 -> 0
A61: Horas Extras Noturnas (50%) | B61: horas trabalhadas
B62: hora contabilizada | C62: =C61*8/7 -> 0 | D62: =D53/220*1.5*1.2 -> 25.535455 | E62: =C62*D62 -> 0
A63: Descanso Semanal Remunerado (DSR) - hora extra | B63: R$ | D63: =63/302*(SUM(E57:E62)) -> 43.384906 | E63: =D63 -> 43.384906
A64: Base de cálculo da Insalubridade | C64: 1
A65: Adicional de Insalubridade | B65: % | C65: =+C44 -> 40 | D65: =IF(C64=2,SUM(E53:E63),IF(C64=1,SUM(E53:E63)*D54/D53,0)) -> 1809.9407 | E65: =C65*D65/100 -> 723.97628
A66: Soma | E66: =SUM(E53:E65) -> 4208.7541
A67: Encargos Sociais | B67: % | C67: 70.6 | D67: =E66 -> 4208.7541 | E67: =D67*C67/100 -> 2971.3804
A68: Total por Motorista | E68: =E66+E67 -> 7180.1345
A69: Total do Efetivo | B69: homem | C69: 1 | D69: =E68 -> 7180.1345 | E69: =C69*D69 -> 7180.1345
D70: Fator de utilização | E70: 1 | F70: =E69*E70 -> 7180.1345
A72: 1.3. Vale Transporte
A73: Discriminação | B73: Unidade | C73: Quantidade | D73: Custo unitário | E73: Subtotal | F73: Total (R$)
A74: Vale Transporte | B74: R$ | C74: 1 | D74: 4.9
A75: Dias Trabalhados por mês | B75: dia | C75: 26
A76: Motorista | B76: vale | C76: =C75*6 -> 156 | D76: =IFERROR((($C$75*2*$D$74)-(E38*0.06*C75/26))/($C$75*2),"-") -> 1.2988462 | E76: =IFERROR(C76*D76,"-") -> 202.62
F77: =SUM(E76) -> 202.62
A79: 1.4. Vale-refeição (diário)
A80: Discriminação | B80: Unidade | C80: Quantidade | D80: Custo unitário | E80: Subtotal | F80: Total (R$)
A81: Motorista (almoço) | B81: unidade | C81: 52 | D81: 34 | E81: =C81*D81 -> 1768
A82: Motorista (janta) | B82: unidade | C82: 26 | D82: 27.05 | E82: =C82*D82 -> 703.3
F83: =SUM(E81:E82) -> 2471.3
A85: Custo Mensal com Mão-de-obra (R$/mês) | F85: =F83+F77+F70+F49 -> 23751.053
A87: 2. Uniformes e Equipamentos de Proteção Individual
A89: 2.1. Uniformes e EPIs para Motorista
A91: Discriminação | B91: Unidade | C91: Durabilidade (meses) | D91: Custo unitário | E91: Subtotal | F91: Total (R$)
A92: Jaqueta com reflexivo (NBR 15.292) | B92: unidade | C92: 6 | D92: 189.9 | E92: =IFERROR(D92/C92,0) -> 31.65
A93: Calça | B93: unidade | C93: 6 | D93: 59.9 | E93: =IFERROR(D93/C93,0) -> 9.9833333
A94: Camiseta | B94: unidade | C94: 3 | D94: 49.9 | E94: =IFERROR(D94/C94,0) -> 16.633333
A95: Botina de segurança c/ palmilha aço | B95: par | C95: 6 | D95: 110 | E95: =IFERROR(D95/C95,0) -> 18.333333
A96: Luva de proteção | B96: par | C96: 1 | D96: 9.9 | E96: =IFERROR(D96/C96,0) -> 9.9
A97: Capa de chuva amarela com reflexivo | B97: unidade | C97: 12 | D97: 19.9 | E97: =IFERROR(D97/C97,0) -> 1.6583333
A98: Protetor solar FPS 30 | B98: frasco 120g | C98: 1 | D98: 15.9 | E98: =IFERROR(D98/C98,0) -> 15.9
A99: Higienização de uniformes e EPIs | B99: R$ mensal | C99: 1 | D99: 59.9 | E99: =IFERROR(D99/C99,0) -> 59.9
A100: Total do Efetivo | B100: homem | C100: =E27 -> 3 | D100: =SUM(E90:E99) -> 163.95833 | E100: =C100*D100 -> 491.875
D101: Fator de utilização | E101: =$B$33 -> 1 | F101: =E100*E101 -> 491.875
A103: Custo Mensal com Uniformes e EPIs (R$/mês) | F103: =F101 -> 491.875
A105: 3. Veículos e Equipamentos
A107: 3.1. Veículo Caminhão Trucado 6x2 + Equipamento Roll On Roll Off
A109: 3.1.1. Depreciação
A110: Discriminação | B110: Unidade | C110: Quantidade | D110: Custo unitário | E110: Subtotal | F110: Total (R$)
A111: Custo de aquisição do chassis | B111: unidade | C111: 1 | D111: 776900 | E111: =C111*D111 -> 776900
A112: Vida útil do chassis | B112: anos | C112: 5
A113: Idade do veículo | B113: anos | C113: 0
A114: Depreciação do chassis | B114: % | C114: =IFERROR(VLOOKUP(C112,'[1]5. Depreciação'!A3:B17,2,FALSE()),0) -> 55.68 | D114: =E111 -> 776900 | E114: =C114*D114/100 -> 432577.92
A115: Depreciação mensal veículos trucado | B115: mês | C115: =C112*12 -> 60 | D115: =E114 -> 432577.92 | E115: =IFERROR(D115/C115,0) -> 7209.632
A116: Custo de aquisição do Roll On Roll Off | B116: unidade | C116: =C111 -> 1 | D116: 387500 | E116: =C116*D116 -> 387500
A117: Vida útil do Roll On Roll Off | B117: anos | C117: 5
A118: Idade do Roll On Roll Off | B118: anos | C118: 0
...

Sheet 1. Planilha Transporte
A2: 1. Transporte
A3: Planilha de Composição de Custos
A5: Orçamento Sintético
A6: Descrição do Item | E6: Custo (R$/mês) | F6: %
A7: 1. Custo Transporte | E7: =C26 -> 146073.17 | F7: =IFERROR(E7/$E$15,0) -> 0.73509978
A8: =A29 -> 2. Pedágio | E8: =C34 -> 9687.6 | F8: =IFERROR(E8/$E$15,0) -> 0.048751956
A9: =A36 -> 3. Contêiner (caixa 30m³) | E9: =E10+E11 -> 3390.132 | F9: =IFERROR(E9/$E$15,0) -> 0.017060527
A10: =A37 -> 3.1. Depreciação | E10: =F45 -> 1670.4 | F10: =IFERROR(E10/$E$15,0) -> 0.0084061343
A11: =A47 -> 3.2. Remuneração de capital | E11: =F55 -> 1719.732 | F11: =IFERROR(E11/$E$15,0) -> 0.0086543931
A12: =A58 -> 4. Ferramentas e Materiais de Consumo | E12: =F69 -> 278.39167 | F12: =IFERROR(E12/$E$15,0) -> 0.0014009805
A13: =A71 -> 5. Monitoramento da Frota | E13: =F80 -> 127.5 | F13: =IFERROR(E13/$E$15,0) -> 0.00064163202
A14: =A84 -> 6. BDI | E14: =+F89 -> 39155.237 | F14: =IFERROR(E14/$E$15,0) -> 0.19704513
A15: PREÇO TOTAL MENSAL COM A COLETA | E15: =E7+E8+E9+E12+E13+E14 -> 198712.03 | F15: =F7+F8+F9+F12+F13+F14 -> 1
A18: =A7 -> 1. Custo Transporte
A19: Discriminação | B19: Unidade | C19: Custo
A20: Trajeto | B20: Km | C20: 96.3
A21: Número de eixos | B21: Unidade | C21: 6
A22: Ida + volta | B22: Km | C22: =C20*2 -> 192.6
A23: Custo Km/eixo | B23: R$ | C23: ='Custo Transporte'!E199 -> 1.6205719
A24: Total/viagens | B24: R$ | C24: =C21*C22*C23 -> 1872.7329
A25: Média de viagens por mês | B25: Unidade | C25: 78
A26: Total mês | C26: =C24*C25 -> 146073.17
A29: 2. Pedágio
A30: Discriminação | B30: Unidade | C30: Custo
A31: Campo Bom | B31: R$ | C31: 19.5
A32: Três Coroas | B32: R$ | C32: 42.6
A33: Total/viagem | B33: R$ | C33: =(C31+C32)*2 -> 124.2
A34: Total mês | C34: =C33*C25 -> 9687.6
A36: 3. Contêiner (caixa 30m³)
A37: 3.1. Depreciação
A38: Discriminação | B38: Unidade | C38: Quantidade | D38: Custo unitário | E38: Subtotal | F38: Total (R$)
A39: Custo de aquisição da caixa 30m³ | B39: unidade | C39: 1 | D39: 30000 | E39: =C39*D39 -> 30000
A40: Vida útil da caixa 30m³ | B40: anos | C40: 5
A41: Idade da caixa 30m³ | B41: anos | C41: 0
A42: Depreciação da caixa 30m³ | B42: % | C42: 55.68 | D42: =E39 -> 30000 | E42: =C42*D42/100 -> 16704
A43: Depreciação mensal caixa 30m³ | B43: mês | C43: =C40*12 -> 60 | D43: =E42 -> 16704 | E43: =IFERROR(D43/C43,0) -> 278.4
A44: Total das caixas | B44: unidade | C44: 6 | D44: =E43 -> 278.4 | E44: =C44*D44 -> 1670.4
D45: Fator de utilização | E45: 1 | F45: =E44*E45 -> 1670.4
A47: 3.2. Remuneração de capital
A48: Discriminação | B48: Unidade | C48: Quantidade | D48: Custo unitário | E48: Subtotal | F48: Total (R$)
A49: Custo da caixa 30m³ | B49: unidade | C49: 1 | D49: =D39 -> 30000 | E49: =C49*D49 -> 30000
A50: Taxa de juros anual nominal (4) | B50: % | C50: 14.75
A51: Valor da caixa 30m³ | B51: R$ | C51: =IFERROR(IF(C41<=C40,E39-(C42/(100*C40)*C41)*E39,E39-E42),0) -> 30000
A52: Investimento médio total da caixa 30m³ | B52: R$ | C52: =IFERROR(IF(C41>=C40,C51,((((C51)-(E39-E42))*(((C40-C41)+1)/(2*(C40-C41))))+(E39-E42))),0) -> 23318.4
A53: Remuneração mensal de capital da caixa 30m³ | B53: R$ | D53: =C50*C52/12/100 -> 286.622 | E53: =D53 -> 286.622
A54: Total das caixas | B54: unidade | C54: =C44 -> 6 | D54: =E53 -> 286.622 | E54: =C54*D54 -> 1719.732
D55: Fator de utilização | E55: 1 | F55: =E54*E55 -> 1719.732
A56: Custo Mensal com Contêineres (R$/mês) | F56: =+SUM(F37:F55) -> 3390.132
A58: 4. Ferramentas e Materiais de Consumo
A60: Discriminação | B60: Unidade | C60: Quantidade | D60: Custo unitário | E60: Subtotal | F60: Total (R$)
A61: Recipiente térmico para água (5L) | B61: unidade | C61: 0.083333333 | D61: 49.9 | E61: =C61*D61 -> 4.1583333
A62: Pá de Concha | B62: unidade | C62: 0.083333333 | D62: 39 | E62: =C62*D62 -> 3.25
A63: Vassoura | B63: unidade | C63: 0.16666667 | D63: 29.9 | E63: =C63*D63 -> 4.9833333
A64: Lona impermeável | B64: unidade | C64: 0.33333333 | D64: 430.5 | E64: =C64*D64 -> 143.5
A65: Publicidade (adesivos equipamentos) | B65: cj | C65: 0.083333333 | D65: 1050 | E65: =C65*D65 -> 87.5
A66: Publicidade (adesivos veículos) | B66: cj | C66: 0.083333333 | D66: 420 | E66: =C66*D66 -> 35
F67: =SUM(E61:E66) -> 278.39167
A69: Custo Mensal com Ferramentas e Materiais de Consumo (R$/mês) | F69: =+F67 -> 278.39167
A71: 5. Monitoramento da Frota
A73: Discriminação | B73: Unidade | C73: Quantidade | D73: Custo unitário | E73: Subtotal | F73: Total (R$)
A74: Implantação dos equipamentos de monitoramento | B74: cj | C74: 2 | D74: 105 | E74: =+D74*C74 -> 210
A75: Custo mensal com implantação | B75: mês | C75: 60 | D75: =E74 -> 210 | E75: =+D75/C75 -> 3.5
A76: Manutenção dos equipamentos de monitoramento | B76: unidade | C76: =+C74 -> 2 | D76: 62 | E76: =C76*D76 -> 124
A77: Custo mensal com manutenção | B77: mês | C77: 1 | D77: =E76 -> 124 | E77: =+D77/C77 -> 124
D78: Fator de utilização | E78: 1 | F78: =(E75+E77)*E78 -> 127.5
A80: Custo Mensal com Monitoramento da Frota (R$/mês) | F80: =+F78 -> 127.5
A82: CUSTO TOTAL MENSAL COM DESPESAS OPERACIONAIS (R$/mês) | F82: =C26+C34+F56+F69+F80 -> 159556.79
A84: 6. BDI
A85: Discriminação | B85: Unidade | C85: Quantidade | D85: Custo unitário | E85: Subtotal | F85: Total (R$)
A86: Benefícios e despesas indiretas | B86: % | C86: ='4.BDI'!C18*100 -> 24.54 | D86: =F82 -> 159556.79 | E86: =C86*D86/100 -> 39155.237
F87: =+E86 -> 39155.237
A89: CUSTO MENSAL COM BDI (R$/mês) | F89: =F87 -> 39155.237
A92: PREÇO MENSAL TOTAL (R$/mês) – considerando a média de 78 viagens por mês | F92: =D86+F89 -> 198712.03
A95: CUSTO FIXO MENSAL
A96: Contêiner/remuneração de capital | B96: =F56 -> 3390.132
A97: Material de consumo | B97: =F69 -> 278.39167
A98: Monitoramento da frota | B98: =F80 -> 127.5
A99: Total custo | B99: =SUM(B96:B98) -> 3796.0237
A100: BDI | B100: =B99*C86% -> 931.54421
A101: TOTAL/MÊS | B101: =SUM(B99:B100) -> 4727.5679
A102: Número de viagens | B102: =C25 -> 78
A103: TOTAL/VIAGEM | B103: =B101/B102 -> 60.609845
A105: CUSTO FIXO POR VIAGEM
A106: Custo transporte | B106: =C24 -> 1872.7329
A107: Pedágio | B107: =C33 -> 124.2
A108: Total custo viagem | B108: =SUM(B106:B107) -> 1996.9329
A109: BDI | B109: =B108*C86% -> 490.04734
A110: TOTAL/VIAGEM | B110: =SUM(B108:B109) -> 2486.9803
A112: TOTAL/VIAGEM | B112: =B110+B103 -> 2547.5901

Sheet 2.Encargos Sociais
B1: ENCARGOS SOCIAIS
A2: (cfe. "Orientação técnica serviços coleta resíduos sólidos domiciliares" publicada pelo TCE/RS)
A4: Composição dos Encargos Sociais
A5: Código | B5: Descrição | C5: Valor
A6: A1 | B6: INSS | C6: 0.2
A7: A2 | B7: SESI | C7: 0.015
A8: A3 | B8: SENAI | C8: 0.01
A9: A4 | B9: INCRA | C9: 0.002
A10: A5 | B10: SEBRAE | C10: 0.006
A11: A6 | B11: Salário educação | C11: 0.025
A12: A7 | B12: Seguro contra acidentes de trabalho | C12: 0.03
A13: A8 | B13: FGTS | C13: 0.08
A14: A | B14: SOMA GRUPO A | C14: =SUM(C6:C13) -> 0.368
A16: B1 | B16: Férias gozadas | C16: =ROUND(IF('3.CAGED'!C39>24,(1-12/'3.CAGED'!C39)*0.1111,0.1111-C25),4) -> 0.0619
A17: B2 | B17: 13º salário | C17: =ROUND('3.CAGED'!C33/'3.CAGED'!C30,4) -> 0.0833
A18: B3 | B18: Licença Paternidade | C18: 0.0006
A19: B4 | B19: Faltas justificadas | C19: 0.0082
A20: B5 | B20: Auxilio acidente de trabalho | C20: 0.0031
A21: B6 | B21: Auxilio doença | C21: 0.0166
A22: B | B22: SOMA GRUPO B | C22: =SUM(C16:C21) -> 0.1737
A24: C1 | B24: Aviso prévio indenizado | C24: =ROUND(('3.CAGED'!C38) *'3.CAGED'!C29/'3.CAGED'!C30,4) -> 0.0256
A25: C2 | B25: Férias indenizadas | C25: =ROUND(IF('3.CAGED'!C39>12,12/'3.CAGED'!C39*0.1111,0.1111),4) -> 0.0492
A26: C3 | B26: Férias indenizadas s/ aviso previo inden. | C26: =C24*C25 -> 0.00125952
A27: C4 | B27: Depósito rescisão sem justa causa | C27: =ROUND(('3.CAGED'!C30+'3.CAGED'!C31+'3.CAGED'!C33)/'3.CAGED'!C28*'3.CAGED'!C35*'3.CAGED'!C36*'3.CAGED'!C29/'3.CAGED'!C30,4) -> 0.0205
A28: C5 | B28: Indenização adicional | C28: =ROUND(('3.CAGED'!C32/'3.CAGED'!C30)*'3.CAGED'!C29/12,4) -> 0.0018
A29: C | B29: SOMA GRUPO C | C29: =SUM(C24:C28) -> 0.09835952
A31: D1 | B31: Reincidência de Grupo A sobre Grupo B | C31: =ROUND(C14*C22,4) -> 0.0639
A32: D2 | B32: Reincidência de Grupo A sobre aviso prévio indenizado | C32: =ROUND((C24*C13),4) -> 0.002
A33: D | B33: SOMA GRUPO D | C33: =SUM(C31:C32) -> 0.0659
B34: SOMA (A+B+C+D) | C34: =C33+C29+C22+C14 -> 0.70595952

Sheet 4.BDI
A1: Orientações para preenchimento:
A2: 1. Esta planilha é somente um modelo-base e deve ser ajustada conforme cada caso concreto.
A3: 2. Preencher somente células em amarelo
A6: Composição do BDI - Benefícios e Despesas Indiretas
A7: (cfe. "Orientação técnica serviços coleta resíduos sólidos domiciliares" publicada pelo TCE/RS)
D8: Referência estudo TCE
D9: 1° Quartil | E9: Médio | F9: 3° Quartil
A10: Administração Central | B10: AC | C10: 0.0297 | D10: 0.0297 | E10: 0.0508 | F10: 0.0627
A11: Seguros/Riscos/Garantias | B11: SRG | C11: 0.0133 | D11: =0.003+0.0056 -> 0.0086 | E11: =0.0048+0.0085 -> 0.0133 | F11: =0.0082+0.0089 -> 0.0171
A12: Lucro | B12: L | C12: =E12 -> 0.1085 | D12: 0.0778 | E12: 0.1085 | F12: 0.1355
A13: Despesas Financeiras | B13: DF | C13: =(1+E13)^(E14/252)-1 -> 0.005561517 | D13: i | E13: 0.15
A14: Tributos - ISS | B14: T | C14: 0.03 | D14: DU | E14: 10
A15: Tributos - PIS/COFINS | C15: 0.0365
A16: Fórmula para o cálculo do BDI:
A17: {[(1+AC+SRG) x (1+L) x (1+DF)] / (1-T)} -1
A18: Resultado do cálculo do BDI: | C18: =ROUND((((1+C10+C11)*(1+C12)*(1+C13))/(1-(C14+C15))-1),4) -> 0.2454 | D18: 0.2143 | E18: 0.2717 | F18: 0.3362

Sheet 3.CAGED
A1: CÁLCULO DAS VERBAS INDENIZATÓRIAS DOS EMPREGADOS NO SETOR DE COLETA DE RSU
A3: Para preencher esta planilha siga os passos 1 a 5:
A4: 1. Acesse o Portal do CAGED no link http://bi.mte.gov.br/cagedestabelecimento/pages/consulta.xhtml
A5: 2. Na Especificação da Consulta, selecione "Demonstrativo por período" e informe as competências relativas ao período Inicial e Final (últimos 12 meses)
A6: 3. Nível Geográfico: selecione "Unidade da Federação" e marque a opção "Rio Grande do Sul"
A7: 4. Nível Setorial: selecione "Classe de atividade econômica segundo a classificação CNAE – versão 2.0 (669 categorias)" e marque a opção "38114 – Coleta de Resíduos Não-Perigosos"
A8: 5. Clique em Gerar Relatório
A9: 6. Preencha as células em amarelo
B11: CAGED
B12: Rio Grande do Sul - Coleta de Resíduos Não-Perigosos - CNAE 38114
B13: Admissões | C13: 2100
B14: Desligamentos | C14: 2031
B15: Dispensados com justa causa | C15: 44
B16: Dispensados sem justa causa | C16: 1192
B17: Espontâneos | C17: 372
B18: Fim de contrato por prazo determinado | C18: 22
B19: Término de contrato | C19: 350
B20: Aposentados | C20: 1
B21: Mortos | C21: 30
B22: Transferência de saída | C22: 0
B23: Indicadores
B24: Estoque recuperado início do Período 01-08-2017 | C24: 4625
B25: Estoque recuperado final do Período 31-07-2018 | C25: 4694
B26: Variação Emprego Absoluta de 01-08-2017 a 31-07-2018 | C26: 69
B28: Rotatividade | C28: =MEDIAN(C13,C14)/MEDIAN(C24,C25) -> 0.44328791 | G28: =12/C28 -> 27.070443
B29: Demitidos s/ Justa Causa em relação ao Estoque Médio | C29: =C16/MEDIAN(C24,C25) -> 0.25582144
B30: Dias ano | C30: 360
B31: 1/3 de férias (dias) | C31: 10
B32: Férias (dias) | C32: 30 | G32: =TRUNC(G37) -> 3
B33: 13º Salário (dias) | C33: 30
B34: Estoque Médio | C34: =MEDIAN(C24,C25) -> 4659.5
B35: FGTS | C35: 0.08 | K35: =IF(C39>12,C39-12,C39) -> 15.070443
B36: Multa FGTS | C36: 0.4 | K36: =IF(#REF!>12,#REF!-12,#REF!,TRUE())) -> #VALUE!
B37: Fração de tempo para gozo férias | C37: =((1/C28)-TRUNC(E37)) -> 0.25587025 | D37: =TRUNC(E37) -> 2 | E37: =1/C28 -> 2.2558702 | F37: =((1/C28)-TRUNC(E37)) -> 0.25587025 | G37: =12*F37 -> 3.070443 | K37: =IF(#REF!>12,#REF!-12,#REF!,TRUE())) -> #VALUE!
B38: Dias de Aviso prévio | C38: =30+D38 -> 36 | D38: =3*D37 -> 6 | G38: =G37/12*40/360 -> 0.028430028 | K38: =IF(#REF!>12,#REF!-12,#REF!,TRUE())) -> #VALUE!
B39: Rotatividade temporal (meses) | C39: =12/C28 -> 27.070443 | K39: =IF(#REF!>12,#REF!-12,#REF!,TRUE())) -> #VALUE!
K40: =IF(K39>12,K39-12,K39) -> #VALUE!
K41: =IF(K40>12,K40-12,K40) -> #VALUE!

Sheet 5. Depreciação
A1: 5. Depreciação Referencial TCE/RS (%)
A2: Idade do veículo (ano) | B2: Depreciação Média
A3: 1 | B3: 33.63
A4: 2 | B4: 43.13
A5: 3 | B5: 48.68
A6: 4 | B6: 52.62
A7: 5 | B7: 55.68
A8: 6 | B8: 58.18
A9: 7 | B9: 60.29
A10: 8 | B10: 62.12
A11: 9 | B11: 63.73
A12: 10 | B12: 65.18
A13: 11 | B13: 66.48
A14: 12 | B14: 67.67
... A17: 15 | B17: 70.73

Sheet 6.Remuneração de capital
A1: 6. Remuneração de Capital
A3: Fórmula de cálculo da remuneração de capital:
A12: Jm = remuneração de capital mensal
A13: i = taxa de juros do mercado (sugere-se adotar a taxa SELIC)
A14: Im = investimento médio
A15: V0 = valor inicial do bem
A16: Vr = valor residual do bem
A17: n = vida útil do bem em anos

Sheet 7. Dimensionamento
A1: Orientações para preenchimento:
A2: 1. Esta planilha é somente um modelo de cálculo expedito e deve ser ajustada conforme cada caso concreto.
A3: 2. Dimensionar separadamente setores atendidos por veículos de capacidade de carga diferentes.
A4: 3. Preencher somente células em amarelo
A6: 7. Dimensionamento da frota
A8: Indicador | B8: Unid | C8: Valor
A9: População (H) | B9: hab | C9: 35000
A10: Geração per capita (G) | B10: Kg/hab.dia | C10: 1.35
A11: Geração total diária (Qd) | B11: ton/dia | C11: =C9*C10/1000 -> 47.25
A12: Geração Mensal | B12: ton | C12: 1500
A13: Número de dias de coleta por semana (Dc) | B13: dia | C13: 7
A14: Quantitativo diário de coleta (Qc) | B14: ton/dia | C14: =C11*7/C13 -> 47.25
A15: Densidade RSU compactado | B15: Kg/m³ | C15: 500
A16: Tipo de Veículo (1 = toco, 2 = truck) | C16: 1
A17: Capacidade do Compactador | B17: m³ | C17: 12
A18: Capacidade nominal de carga (Cc) | B18: ton | C18: =IF(AND(C17>=15,C16=1),5.8,C17/2) -> 6
A19: Número de Cargas por dia (Nc) | C19: =C14/C18 -> 7.875
A20: Número total de percursos de coleta por veículo, por dia (Np) | C20: 2
A21: Número de veículos da Frota (F)
